 Dungeon Crawl Stone Soup version 0.29-a0-392-g297d3b089c (webtiles) character file.

Game seed: 16114046669487281814

4469 avis the Grappler (level 10, -8/128 HPs)
             Began as an Ogre Transmuter on May 8, 2022.
             Was an Elder of Okawaru.
             Mangled by a hornet (11 damage)
             ... on level 9 of the Dungeon.
             The game lasted 00:49:20 (11129 turns).

avis the Grappler (Ogre Transmuter)                Turns: 11129, Time: 00:49:21

Health: -8/128     AC:  7    Str: 16    XL:     10   Next: 37%
Magic:  11/14      EV: 11    Int: 18    God:    Okawaru [****..]
Gold:   449        SH:  0    Dex:  9    Spells: 0/15 levels left

rFire   x . .      SeeInvis .     - Unarmed
rCold   + + +      Faith    +   (shield currently unavailable)
rNeg    . . .      Spirit   .   (body armour currently unavailable)
rPois   +          Reflect  .   (helmet currently unavailable)
rElec   .          Harm     .   (cloak currently unavailable)
rCorr   .          Rampage  .   (gloves unavailable)
Will    ++...                   (boots unavailable)
Stlth   +++.......              w - amulet of faith
HPRegen 0.31/turn               O - ring of willpower
MPRegen 0.14/turn               (no ring)

@: ice-form, heroic
A: freezing attack, amphibious, boosted hp, large, unfitting armour, (tough skin
1)
a: End Transformation, Renounce Religion, Heroism, Finesse


You were on level 9 of the Dungeon.
You worshipped Okawaru.
Okawaru was greatly pleased with you.
You were a creature of crystalline ice.
You visited 2 branches of the dungeon, and saw 10 of its levels.

You collected 449 gold pieces.

Inventory:

Missiles
 l - 5 silver boomerangs
 m - 10 javelins
 D - 3 poisoned darts
 G - 3 boomerangs
Armour
 y - a +1 cloak of poison resistance (melded)
 N - a +2 robe of resistance (melded)
 U - a +0 cloak
Magical Staves
 a - a staff of cold (melded)
Jewellery
 i - a ring of fire
 w - an amulet of faith (around neck)
 O - a ring of willpower (left front paw)
 Q - an amulet of regeneration
Wands
 b - a wand of iceblast (11)
 r - a wand of mindburst (21)
 S - a wand of acid (7)
 T - a wand of flame (10)
 Y - a wand of charming (10)
Scrolls
 c - a scroll of enchant weapon {unknown}
 d - 3 scrolls of identify
 e - a scroll of enchant armour {unknown}
 f - 3 scrolls of summoning {unknown}
 g - a scroll of torment {unknown}
 j - a scroll of vulnerability {unknown}
 o - 5 scrolls of teleportation {unknown}
 u - a scroll of poison
 v - 2 scrolls of noise {unknown}
 x - 5 scrolls of fog {unknown}
 z - a scroll of blinking {unknown}
 B - 2 scrolls of acquirement {unknown}
 J - 2 scrolls of fear {unknown}
 L - 2 scrolls of immolation {unknown}
 M - a scroll of silence {unknown}
Potions
 h - 4 potions of invisibility
 k - 2 potions of curing
 n - 3 potions of flight
 p - 3 potions of might {unknown}
 q - 3 potions of haste
 s - a potion of magic {unknown}
 t - 2 potions of heal wounds {unknown}
 E - a potion of berserk rage {unknown}
 F - 2 potions of lignification
 H - a potion of ambrosia {unknown}
 K - 3 potions of mutation {unknown}
 R - 2 potions of attraction {unknown}


   Skills:
 + Level 9.1(14.1) Fighting
 - Level 3.0(8.0) Dodging
 * Level 10.3(15.3) Unarmed Combat
 - Level 3.0 Spellcasting
 - Level 4.0 Transmutations
 + Level 3.5 Ice Magic
 - Level 2.0 Poison Magic
 - Level 3.0 Invocations


You couldn't memorise any spells.
You knew the following spells:

 Your Spells              Type           Power      Damage    Failure   Level
a - Beastly Appendage     Tmut           34%        N/A       3%          1
e - Wereblood             Tmut           17%        N/A       4%          2
p - Spider Form           Tmut/Pois      13%        N/A       14%         3
q - Ice Form              Ice/Tmut       16%        N/A       34%         4
B - Blade Hands           Tmut           8%         N/A       65%         5

Your spell library contained the following spells:

 Spells                   Type           Power      Damage    Failure   Level
 Sublimation of Blood     Necr           2%         N/A       24%         2
 Portal Projectile        Hex/Tloc       4%         N/A       43%         3
 Petrify                  Tmut/Erth      9%         N/A       56%         4
 Irradiate                Conj/Tmut      4%         3d14      89%         5
 Excruciating Wounds      Necr           1%         N/A       99%         5
 Summon Hydra             Summ           Unusable   N/A       N/A         7

Dungeon Overview and Level Annotations

Branches:
Dungeon (9/15)             Temple (1/1) D:4
   Lair: D:8-11         Orc: D:9-12

Altars:
Ashenzari
Cheibriados
Dithmenos
Elyvilon
Fedhas
Gozag
Hepliaklqana
Kikubaaqudgha
Makhleb
Nemelex Xobeh
Okawaru
Qazlal
Ru
Sif Muna
Trog
Uskayaw
Vehumet
Wu Jian
Xom
Yredelemnul
Zin
The Shining One

Shops:
D:1 *


Innate Abilities, Weirdness & Mutations

You are a creature of crystalline ice.
You have a powerful freezing melee attack.
You are amphibious.
Your maximum health is increased.
Your armour is entirely melded.
You are incapable of wielding weapons or throwing items.
You are too large for most types of armour.
((You have tough skin. (AC +1)))


Message History

The hornet stings you.
You feel yourself slow down. The hornet stings you!
The orc hits you with a +0 short sword.
You can move again.
You hit the hornet. You freeze the hornet.
The hornet is moderately wounded.
The hornet stings you!
You are poisoned.
You feel as though you will be slow longer.
The orc hits you but does no damage. The hornet attacks as you move away!
The hornet stings you.
You feel as though you will be slow longer.
The orc attacks as you move away! The orc hits you but does no damage.
You feel very sick. The hornet stings you!
You are more poisoned.
You feel as though you will be slow longer.
The hornet stings you!
You feel very sick. The orc hits you but does no damage.
You feel very sick.
You barely miss the orc.
You feel sick. The orc hits you but does no damage.
The hornet stings you but does no damage.
The hornet attacks as you move away! The hornet closely misses you.
The orc attacks as you move away! The orc hits you but does no damage.
You feel sick. The orc hits you but does no damage.
The hornet stings you but does no damage.
The hornet attacks as you move away! The hornet stings you!
* * * LOW HITPOINT WARNING * * *
You feel yourself speed up.
You feel sick. The hornet stings you.
* * * LOW HITPOINT WARNING * * *
You feel better. The hornet stings you!
* * * LOW HITPOINT WARNING * * *
The hornet stings you!
* * * LOW HITPOINT WARNING * * *
Okay, then.
You gain the combat prowess of a mighty hero.
The hornet stings you but does no damage.
You fail to use your ability.
The hornet stings you!
You die...

##########################
........................<#
##########################
..# .. ... ####.# .##.#
..#.# .... #.#.# ..#
#.#.##..# #<.oyY..#
#.#.###....# .#.#.#.#.#
..... .......y.># ....
#.#.#.#.....# ##.
#.####### #


You could see a hornet and an orc.

Vanquished Creatures
  A two-headed ogre (D:8)
  Amaemon (D:8)
  Joseph (D:8)
  An orange demon (D:8)
  Sigmund (D:6)
  A steam dragon (D:5)
  Pargi (D:3)
  An ice beast (D:7)
  An orc warrior (D:7)
  2 centaurs
  A sky beast (D:6)
  2 phantoms (D:5)
  A bullfrog (D:8)
  2 scorpions
  2 necrophages
  3 wights
  5 killer bees (D:7)
  2 howler monkeys
  6 crimson imps (D:7)
  3 hounds (D:5)
  A jelly (D:8)
  5 orc priests
  4 iguanas
  Ijyb (D:3)
  9 orc wizards
  3 gnolls
  7 adders
  2 shadow imps
  5 white imps
  2 worms
  4 dart slugs
  19 orcs
  3 bats (D:3)
  5 endoplasms
  A giant cockroach (D:1)
  7 goblins
  4 hobgoblins
  6 jackals
  2 quokkas (D:4)
  4 ball pythons
  3 frilled lizards
  3 kobolds
  3 rats
141 creatures vanquished.

Vanquished Creatures (others)
  12 plants (D:9)
12 creatures vanquished.

Grand Total: 153 creatures vanquished

Notes
Turn   | Place    | Note
-------+----------+-------------------------------------------
     0 | D:1      | avis the Ogre Transmuter began the quest for the Orb.
     0 | D:1      | Reached XP level 1. HP: 19/19 MP: 3/3
   295 | D:1      | Reached XP level 2. HP: 28/28 MP: 3/5
   319 | D:1      | Found Kudu's Assorted Antiques.
   324 | D:1      | Reached skill level 3 in Unarmed Combat
   835 | D:2      | Reached XP level 3. HP: 30/35 MP: 4/6
  1091 | D:1      | Learned a level 3 spell: Spider Form
  1499 | D:1      | Reached XP level 4. HP: 27/44 MP: 4/7
  1885 | D:2      | Found a faded altar of an unknown god.
  2625 | D:3      | Noticed Ijyb
  2694 | D:3      | Killed Ijyb
  2695 | D:3      | Reached skill level 4 in Unarmed Combat
  2695 | D:3      | Reached skill level 1 in Poison Magic
  2695 | D:3      | Reached XP level 5. HP: 40/53 MP: 4/8
  3306 | D:3      | Noticed Pargi
  3386 | D:3      | Killed Pargi
  3387 | D:3      | Reached XP level 6. HP: 32/62 MP: 6/9
  3925 | D:3      | Learned a level 4 spell: Ice Form
  4127 | D:4      | Found an ornate altar of the Wu Jian Council.
  4133 | D:4      | Reached skill level 5 in Unarmed Combat
  4133 | D:4      | Found a staircase to the Ecumenical Temple.
  4276 | Temple   | Entered the Ecumenical Temple
  4701 | Temple   | Became a worshipper of Warmaster Okawaru
  4897 | D:4      | Learned a level 2 spell: Wereblood
  5039 | D:4      | You fall into a shaft and drop 1 floor!
  5039 | D:5      | Entered Level 5 of the Dungeon
  5577 | D:4      | Reached XP level 7. HP: 65/71 MP: 6/11
  5775 | D:4      | Reached skill level 5 in Fighting
  5775 | D:4      | Reached skill level 1 in Invocations
  5952 | D:5      | Noticed a steam dragon
  5961 | D:5      | Killed a steam dragon
  5961 | D:5      | Reached * piety under Okawaru
  6053 | D:5      | Reached skill level 6 in Unarmed Combat
  6501 | D:5      | Reached XP level 8. HP: 76/83 MP: 7/12
  6907 | D:5      | Reached ** piety under Okawaru
  6908 | D:5      | Reached skill level 7 in Unarmed Combat
  7279 | D:6      | Noticed Sigmund
  7299 | D:6      | Killed Sigmund
  7956 | D:7      | Reached XP level 9. HP: 90/93 MP: 2/13
  8002 | D:7      | Reached skill level 8 in Unarmed Combat
  8349 | D:7      | Reached skill level 1 in Ice Magic
  8361 | D:7      | Reached *** piety under Okawaru
  9363 | D:8      | Noticed Joseph
  9363 | D:8      | Noticed an orange demon
  9363 | D:8      | Noticed Amaemon
  9428 | D:8      | Killed an orange demon
  9428 | D:8      | Reached **** piety under Okawaru
  9429 | D:8      | Reached skill level 9 in Unarmed Combat
  9432 | D:8      | Killed Joseph
  9639 | D:8      | Noticed a two-headed ogre
  9645 | D:8      | Killed a two-headed ogre
  9646 | D:8      | Reached XP level 10. HP: 62/107 MP: 6/14
  9864 | D:8      | Killed Amaemon
  9865 | D:8      | Reached skill level 10 in Unarmed Combat
  9888 | D:7      | Learned a level 5 spell: Blade Hands
 11118 | D:9      | Paralysed by a hornet for 2 turns
 11127 | D:9      | HP: 3/128 [hornet (7)]
 11129 | D:9      | Mangled by a hornet

Illustrated notes

Levels and vault maps discovered:
D:1:      scummos_arrival_forest, layout_rooms, serial_shops, shop
D:2:      layout_loops_ring, ebering_ecumenical_altar_hall,
          amcnicky_mini_rare_corridor_liquid
D:3:      layout_basic, serial_glass, glass_columns_a, glass_columns_a,
          uniq_pargi, uniq_ijyb
D:4:      layout_cave_pods, mainiacjoe_overflow_concentric_impassable,
          minmay_temple_entry_overgrown
D:5:      layout_rooms
D:6:      layout_loops_ring, corexii_corridor_pit, uniq_sigmund
D:7:      layout_basic, minmay_nine_imps
D:8:      layout_cave_pools, uniq_joseph, uniq_amaemon
D:9:      layout_basic, serial_bayou, serial_bayou_pond_c,
          serial_bayou_lagoon_a, serial_bayou_lake_a, serial_bayou_pond_a,
          serial_bayou_shore_b, hangedman_decor_slide_cut
Temple:   mainiacjoe_temple_trianglar_array

Skill      XL: |  1  2  3  4  5  6  7  8  9 10 |
---------------+-------------------------------+-----
Unarmed Combat | 3 4 5 6 7 9 10 | 10.3
Transmutations | 2 3 4 |  4.0
Fighting       | 2 3 4 5 7 9 |  9.1
Dodging        | 2 3 |  3.0
Poison Magic   | 1 2 |  2.0
Spellcasting   | 3 |  3.0
Invocations    | 2 3 |  3.0
Ice Magic      | 2 3 |  3.5

Action                   |  1- 3 |  4- 6 |  7- 9 | 10-12 || total
-------------------------+-------+-------+-------+-------++-------
Melee: Unarmed           |    58 |   133 |   220 |    36 ||   447
       Kick              |     8 |     4 |       |       ||    12
       Headbutt          |     5 |     8 |       |       ||    13
       Punch             |       |       |     1 |       ||     1
 Cast: Beastly Appendage |    18 |     9 |       |       ||    27
       Spider Form       |     2 |    26 |    32 |     1 ||    61
       Ice Form          |       |       |     4 |     8 ||    12
Invok: Heroism           |       |       |     5 |     2 ||     7
 Abil: End Transformatio |       |       |     1 |     1 ||     2
  Use: Scroll            |       |     1 |       |     5 ||     6
       Potion            |       |       |     1 |     1 ||     2
 Stab: Sleeping          |       |       |     1 |       ||     1
Armor: Robe              |    13 |    10 |     2 |       ||    25
       Skin              |       |     4 |    27 |    25 ||    56
Dodge: Dodged            |    24 |    90 |   163 |    23 ||   300

Table legend: (Time is in decaauts)
 A = Elapsed time spent in this place.
 B = Non-inter-level travel time spent in this place.
 C = Inter-level travel time spent in this place.
 D = Time resting spent in this place.
 E = Time spent auto-exploring this place.
 F = Levels seen in this place.
 G = Mean time per level.
                   A        B        C        D        E       F      G
               +--------+--------+--------+--------+--------+-----+--------+
         Total |  11112 |  10183 |    929 |   3226 |   4801 |  10 | 1111.2 |
       Dungeon |  10525 |   9668 |    857 |   3126 |   4415 |   9 | 1169.4 |
        Temple |    586 |    515 |     71 |    100 |    386 |   1 |  586.0 |
               +--------+--------+--------+--------+--------+-----+--------+

Top non-repeatable levels by time:
     D:7: 2304 daAuts
     D:2: 1458 daAuts
     D:5: 1418 daAuts
     D:3: 1369 daAuts
     D:1: 1130 daAuts
     D:4: 1043 daAuts
     D:6: 843 daAuts
     D:8: 815 daAuts
  Temple: 586 daAuts
     D:9: 142 daAuts
